 Dungeon Crawl Stone Soup version 0.27-a0-1105-g946c659c87 (webtiles) character file.

Game seed: 12898545840004665427

3184 leviel the Fighter (level 9, 0/79 (85) HPs)
             Began as a Minotaur Fighter on May 1, 2021.
             Was an Initiate of Gozag.
             Slain by a wight
             ... wielding a +4 halberd of freezing
              (10 damage)
             ... on level 7 of the Dungeon.
             The game lasted 00:12:25 (8684 turns).

leviel the Fighter (Minotaur Fighter)               Turns: 8684, Time: 00:12:26

HP:   0/79 (85)     AC: 10    Str: 29    XL:     9   Next: 64%
MP:   8/8           EV:  8    Int:  6    God:    Gozag
Gold: 271           SH: 10    Dex: 10    Spells: 8/8 levels left

rFire    . . .     SeeInvis .   a - +0 war axe
rCold    . . .     Faith    .   c - +0 kite shield
rNeg     . . .     Spirit   .   b - +0 scale mail
rPois    .         Reflect  .   (helmet restricted)
rElec    .         Harm     .   (no cloak)
rCorr    .         Rampage  .   i - +0 pair of gloves
Will     .....                  (no boots)
Stlth    ..........             (no amulet)
HPRegen  0.23/turn              h - +6 ring of strength
MPRegen  0.11/turn              (no ring)

@: gold aura, drained
A: horns 2, retaliatory headbutt
a: Renounce Religion, Potion Petition, Call Merchant, Bribe Branch


You were on level 7 of the Dungeon.
You worshipped Gozag.
Gozag was aware of your devotion.
You visited 2 branches of the dungeon, and saw 8 of its levels.

You collected 364 gold pieces.
You paid 93 gold pieces to Gozag.

Inventory:

Hand Weapons
 a - a +0 war axe (weapon)
Armour
 b - a +0 scale mail (worn)
 c - a +0 kite shield (worn)
 i - a +0 pair of gloves (worn)
Jewellery
 h - a +6 ring of strength (left hand)
Wands
 q - a wand of charming (11)
 t - a wand of mindburst (13)
Scrolls
 d - 2 scrolls of enchant armour {unknown}
 e - 2 scrolls of teleportation
 g - a scroll of enchant weapon {unknown}
 k - a scroll of holy word {unknown}
 l - 4 scrolls of identify {unknown}
 n - a scroll of silence {unknown}
 p - 2 scrolls of noise {unknown}
Potions
 f - a potion of flight
 j - a potion of heal wounds {unknown}
 m - a potion of degeneration {unknown}
 o - 2 potions of attraction {unknown}
 r - 3 potions of cancellation {unknown}


   Skills:
 - Level 10.0 Fighting
 + Level 9.9 Axes
 - Level 10.0 Armour
 - Level 3.7 Shields


You had 8 spell levels left.
You didn't know any spells.
Your spell library contained the following spells:

 Spells                   Type           Power      Damage    Failure   Level
 Animate Skeleton         Necr           0%         N/A       99%         1
 Apportation              Tloc           0%         N/A       99%         1
 Corona                   Hex            0%         N/A       99%         1
 Shock                    Conj/Air       0%         1d3       99%         1
 Summon Small Mammal      Summ           0%         N/A       99%         1
 Static Discharge         Conj/Air       0%         N/A       99%         2
 Swiftness                Air            0%         N/A       100%        3
 Airstrike                Air            0%         N/A       100%        4
 Lightning Bolt           Conj/Air       0%         1d11      100%        5


Dungeon Overview and Level Annotations

Branches:
Dungeon (7/15)             Temple (1/1) D:6

Altars:
Ashenzari
Cheibriados
Dithmenos
Elyvilon
Fedhas
Gozag
Hepliaklqana
Kikubaaqudgha
Makhleb
Nemelex Xobeh
Okawaru
Qazlal
Ru
Sif Muna
Trog
Uskayaw
Vehumet
Wu Jian
Xom
Yredelemnul
Zin
The Shining One

Shops:
D:2 [

Annotations:
D:7 Joseph


Innate Abilities, Weirdness & Mutations

You have a pair of horns on your head.
You reflexively headbutt those who attack you in melee.


Message History

You barely miss the wight.
The wight is no longer distracted by gold.
The wight barely misses you.
The wight hits you from afar with a +4 halberd of freezing.
You feel drained. The wight freezes you. You block the wight's attack.
You closely miss the wight. You headbutt the wight!
The wight is severely damaged.
The wight hits you but does no damage. You block the wight's attack.
You closely miss the wight.
The wight is severely damaged.
The wight closely misses you. The wight hits you with a +3 falchion.
You closely miss the wight.
The wight is severely damaged.
You block the wight's attack. x2
You barely miss the wight. You headbutt the wight.
The wight is severely damaged.
The wight barely misses you. The wight hits you with a +3 falchion.
The wight barely misses you.
Your shield prevents you from hitting the wight.
You headbutt the wight.
You destroy the wight!
The wight hits you from afar with a +4 halberd of freezing!
You feel drained. The wight freezes you.
The wight hits you with a +4 halberd of freezing!
You feel drained.
* * * LOW HITPOINT WARNING * * *
The wight freezes you.
* * * LOW HITPOINT WARNING * * *
Items here: $ )) [[.
You hit the wight. You headbutt the wight!
The wight is severely damaged.
The wight hits you with a +4 halberd of freezing!
* * * LOW HITPOINT WARNING * * *
The wight freezes you.
* * * LOW HITPOINT WARNING * * *
You closely miss the wight.
The wight is severely damaged.
The wight hits you with a +4 halberd of freezing!
You die...
Your body crumbles into a pile of gold.

#####.>......### .....
.........###...##z.####.
.........# #............
...
.........###zz.##.......
.. ####...(....###
.#####. .# # #...######
.# .##.# #.))# .# ...
#.).###### .# .####
#...zz@..# ..$ .....
#...####.# ## # #...#
#.# # ##### #.#
####.########
#######........<..#
..........#.#..#..#
#######.#.....###.##
####.##...## ##.##


You could see 2 wights.

Vanquished Creatures
  Grinder (D:4)
  Prince Ribbit (D:5)
  Sigmund (D:6)
  Eustachio (D:4)
  Menkaure (D:5)
  A water moccasin (D:7)
  3 necrophages
  A sky beast (D:6)
  6 ogres
  A phantom (D:6)
  A centaur (D:6)
  2 wyvern zombies (D:6)
  A gnoll sergeant (D:6)
  3 scorpions
  A water moccasin zombie (D:6)
  A wyvern skeleton (D:7)
  2 water moccasin skeletons
  2 wights (D:7)
  A bullfrog zombie (D:6)
  2 centaur zombies
  2 orc priests
  Crazy Yiuf (D:6)
  A jelly (D:5)
  A bullfrog skeleton (D:7)
  A centaur skeleton (D:4)
  4 orc wizards
  An iguana (D:5)
  Natasha (D:4)
  A killer bee zombie (D:6)
  9 gnolls
  3 adders
  2 shadow imps (D:5)
  An ufetubus (D:4)
  2 dart slugs (D:3)
  6 orcs
  6 ball pythons
  2 endoplasms
  7 goblins
  6 hobgoblins
  8 jackals
  4 quokkas
  3 bats
  11 frilled lizards
  12 kobolds
  3 rats
131 creatures vanquished.

Notes
Turn   | Place    | Note
-------+----------+-------------------------------------------
     0 | D:1      | leviel the Minotaur Fighter began the quest for the Orb.
     0 | D:1      | Reached XP level 1. HP: 19/19 MP: 0/0
   123 | D:1      | Reached XP level 2. HP: 27/27 MP: 1/1
   639 | D:1      | Reached XP level 3. HP: 35/35 MP: 2/2
   847 | D:2      | Found Xueruz's Armour Emporium.
   849 | D:2      | Found a faded altar of an unknown god.
   876 | D:2      | Reached skill level 5 in Fighting
  1438 | D:3      | Reached XP level 4. HP: 41/43 MP: 3/3
  2013 | D:4      | Noticed Eustachio
  2017 | D:4      | Noticed Natasha
  2019 | D:4      | Reached XP level 5. HP: 40/51 MP: 4/4
  2031 | D:4      | Killed Natasha
  2039 | D:4      | Killed Eustachio
  2040 | D:4      | Reached XP level 6. HP: 18/61 MP: 5/5
  2275 | D:4      | Noticed Grinder
  2284 | D:4      | Killed Grinder
  2285 | D:4      | Reached XP level 7. HP: 63/70 MP: 6/6
  2485 | D:5      | Entered Level 5 of the Dungeon
  2516 | D:5      | Noticed Prince Ribbit
  2657 | D:5      | Reached skill level 10 in Fighting
  2812 | D:5      | Noticed Menkaure
  2821 | D:5      | Killed Menkaure
  2821 | D:5      | HP: 2/72 [ogre/+0 giant spiked club (11)]
  2822 | D:5      | Reached skill level 5 in Armour
  3225 | D:5      | Reached XP level 8. HP: 19/79 MP: 7/7
  3725 | D:5      | Killed Prince Ribbit
  4933 | D:5      | Reached skill level 10 in Armour
  5826 | D:6      | Found a staircase to the Ecumenical Temple.
  5874 | D:6      | Found a basalt altar of Yredelemnul.
  5882 | D:6      | Reached skill level 5 in Axes
  6001 | D:6      | Reached XP level 9. HP: 80/85 MP: 8/8
  6581 | Temple   | Entered the Ecumenical Temple
  7076 | Temple   | Became a worshipper of Gozag Ym Sagoz the Greedy
  7550 | D:6      | Noticed Sigmund
  7559 | D:6      | Killed Sigmund
  7896 | D:6      | Found a runed translucent door.
  7897 | D:6      | Noticed Crazy Yiuf
  8178 | D:6      | Killed Crazy Yiuf
  8332 | D:7      | Noticed Joseph
  8684 | D:7      | Slain by a wight

Illustrated notes

Levels and vault maps discovered:
D:1:      lightli_molten_gateway, layout_loops_ring, minmay_lizard_pond
D:2:      layout_rooms, serial_shops, nicolae_shop_window_shopping,
          ebering_ecumenical_altar_webs, chequers_serial_rivers_micro_a,
          minmay_goblin_outpost
D:3:      layout_rooms, minmay_misc_feat_columns, grunt_ministairs_10,
          kennysheep_generic_room_4
D:4:      layout_basic, uniq_eustachio, uniq_grinder, uniq_natasha
D:5:      layout_loops_corners, minmay_diced_spiral, uniq_prince_ribbit1,
          uniq_menkaure
D:6:      layout_basic, nicolae_yredelemnul_corpse_copse,
          minmay_temple_entry_crystal_x, uniq_crazy_yiuf_cottage, uniq_sigmund
D:7:      layout_loops_cross, uniq_joseph
Temple:   nicolae_temple_the_god_donut

Skill      XL: |  1  2  3  4  5  6  7  8  9 |
---------------+----------------------------+-----
Fighting       | 4 5 6 8 9 10 | 10.0
Armour         | 6 10 | 10.0
Axes           | 5 9 |  9.9
Shields        | |  3.7

Action                   |  1- 3 |  4- 6 |  7- 9 || total
-------------------------+-------+-------+-------++-------
Melee: War axe           |    74 |    54 |   231 ||   359
       Headbutt          |     3 |    14 |    56 ||    73
  Use: Potion            |       |     2 |     5 ||     7
       Scroll            |       |       |     2 ||     2
Armor: Scale mail        |    43 |    24 |   117 ||   184
Dodge: Dodged            |    32 |    17 |    96 ||   145
Block: Kite shield       |    40 |    36 |   138 ||   214

Table legend: (Time is in decaauts)
 A = Elapsed time spent in this place.
 B = Non-inter-level travel time spent in this place.
 C = Inter-level travel time spent in this place.
 D = Time resting spent in this place.
 E = Time spent auto-exploring this place.
 F = Levels seen in this place.
 G = Mean time per level.
                   A        B        C        D        E       F      G
               +--------+--------+--------+--------+--------+-----+--------+
         Total |   8875 |   8588 |    287 |   2671 |   4833 |   8 | 1109.4 |
       Dungeon |   8362 |   8101 |    261 |   2498 |   4529 |   7 | 1194.6 |
        Temple |    512 |    486 |     26 |    173 |    304 |   1 |  512.0 |
               +--------+--------+--------+--------+--------+-----+--------+

Top non-repeatable levels by time:
     D:5: 2674 daAuts
     D:6: 2418 daAuts
     D:4: 853 daAuts
     D:1: 845 daAuts
     D:3: 614 daAuts
     D:2: 613 daAuts
  Temple: 512 daAuts
     D:7: 343 daAuts
